 Dungeon Crawl Stone Soup version 0.31.0-11-ge490571c62 (webtiles) character file.

Game seed: 6753623722108555407

9 Gadfly the Ruffian (level 2, 20/21 HPs)
             Began as a Demonspawn Shapeshifter on Jan 27, 2024.
             Quit the game on level 1 of the Dungeon.
             The game lasted 00:00:38 (487 turns).

Gadfly the Ruffian (Demonspawn Shapeshifter)         Turns: 487, Time: 00:00:39

Health: 20/21      AC:  2    Str: 14    XL:     2   Next: 3%
Magic:  2/2        EV: 12    Int: 10    God:
Gold:   29         SH:  0    Dex: 12    Spells: 1/1 levels left

rFire   . .          .
                       - Unarmed
rCold   . . .        (no shield)
rNeg    . . .        a - +0 animal skin
rPois   +            (helmet currently unavailable)
rElec   .            (cloak currently unavailable)
rCorr   .            (gloves currently unavailable)
SInv    .            (boots currently unavailable)
Will    .....        (no amulet)
Stlth   +            e - ring of poison resistance
HPRegen 0.23/turn    (no ring)
MPRegen 0.08/turn

%: no passive effects
@: beast-form
A: beast (slay +1), demonic magic 1
a: Begin Untransformation


You were on level 1 of the Dungeon.
You were a hulking beast.
You visited 1 branch of the dungeon, and saw 1 of its levels.

You collected 29 gold pieces.

Inventory:

Armour
 a - a +0 animal skin (worn)
Jewellery
 e - a ring of poison resistance (left hand)
Talismans
 c - a beast talisman
 d - a flux talisman
Scrolls
 f - a scroll of teleportation
Potions
 b - a potion of lignification
 g - a potion of degeneration {unknown}
 h - 2 potions of haste {unknown}


   Skills:
 + Level 1.1 Fighting
 * Level 2.0 Dodging
 + Level 2.8 Unarmed Combat
 * Level 0.7 Evocations
 + Level 2.7 Shapeshifting


You had one spell level left.
You didn't know any spells.
Your spell library was empty.

Dungeon Overview and Level Annotations

Branches:
Dungeon (1/15)

Altars:


Innate Abilities, Weirdness & Mutations

You are a hulking beast.
Your limbs bulge with bestial killing power. (Slay +1)
Spells you cast may paralyse adjacent enemies.


Message History

The frilled lizard closely misses you.
You barely miss the frilled lizard. The frilled lizard bites you.
You hit the frilled lizard.
You kill the frilled lizard!
Your Dodging skill increases to level 2!
No target in view!
No target in view!
No target in view!
No target in view!
No target in view!
A rat comes into view.
The rat squeaks loudly.
Okay, then.
You see here 2 stones.
The rat barely misses you.
You closely miss the rat. The rat closely misses you.
You barely miss the rat. You barely miss the rat.
The rat bites you but does no damage.
You barely miss the rat. The rat barely misses you.
You closely miss the rat. The rat barely misses you.
You hit the rat.
You kill the rat!
No target in view!
No target in view!
As you read the scroll labelled GUL ZUIFIOM, it crumbles to dust.
You feel strangely unstable.
It was a scroll of teleportation.
Your surroundings suddenly seem different.
A goblin comes into view. It is wielding a +0 dagger.
Found an inky potion.
The goblin shouts!
A goblin is nearby!
A goblin is nearby!
The goblin barely misses you.
You hit the goblin but do no damage. The goblin hits you with a +0 dagger.
You hit the goblin.
You kill the goblin!
You have reached level 2!
Your demonic ancestry asserts itself...
A menacing aura infuses your magic.
Are you sure you want to abandon this character and quit the game? (Confirm with "yes".)

## #. #. ###### #.
#..... #. #.###.
#.!##.########## #.# #.
#....)h........# #.# #.
#.###.########.###.###.
#. #............#. ###
#. #.####.#######. ..#
#. #.##...#....... #.#
#. #.#....#.###### #.#
.. #......#.#
#.##.###########..#.#
####
#.##...........#..#.#
#...


There were no monsters in sight!

Vanquished Creatures
  A dart slug (D:1)
  A bat (D:1)
  A goblin (D:1)
  A hobgoblin (D:1)
  A ball python (D:1)
  A frilled lizard (D:1)
  A rat (D:1)
7 creatures vanquished.

Notes
Turn   | Place    | Note
-------+----------+-------------------------------------------
     0 | D:1      | Gadfly the Demonspawn Shapeshifter began the quest for the
                  | Orb.
     0 | D:1      | Reached XP level 1. HP: 15/15 MP: 1/1
   487 | D:1      | Gained mutation: Spells you cast may paralyse adjacent
                  | enemies. [demonic ancestry]
   487 | D:1      | Reached XP level 2. HP: 20/21 MP: 2/2
   487 | D:1      | Quit the game

Illustrated notes

Levels and vault maps discovered:
D:1:      roadster_arrival_rocket_small, layout_basic,
          hellmonk_ecumenical_altar_blasted

Skill      XL: |  1 |
---------------+----+-----
Dodging        | 2 |  2.0
Fighting       | |  1.1
Unarmed Combat | |  2.8
Evocations     | |  0.7
Shapeshifting  | |  2.7

Action                     || total
---------------------------++-------
  Melee: Unarmed           ||    17
         Punch             ||     1
    Use: Scroll            ||     1
   Stab: Sleeping          ||     1
 Armour: Animal skin       ||     5
  Dodge: Dodged            ||    10
